Cogmind - Beta 14 @@@ ROGUE MODE // 2024.08.24 @ 17:49:51 Player: Daffa0360 Result: Destroyed by E1-LX2(R) with Subdweller Laser Performance ------------- Evolutions (0) 0 Regions Visited (3) 600 Robots Destroyed (23) 115 Value Destroyed (554) 554 Prototype IDs (0) 0 Alien Tech Used (0) 0 Bonus (30) 30 TOTAL SCORE: 1299 Bonus ------- Follower Combat Kills 30 Cogmind --------- Core Integrity 0/250 Matter 107/300 Energy 160/160 System Corruption 0% Temperature Cool (6) Movement Treading (160) Location -10/Subcaves Parts ------- > --- POWER (1) -------- Light Nuclear Core > --- PROPULSION (2) --- Spiked Treads Spiked Treads > --- UTILITY (2) ------ Small Storage Unit Targeting Computer > --- WEAPON (2) ------- Light Cannon Makeshift Spear > --- INVENTORY (8) ---- Aluminum Leg Small Matter Pod (50) Structural Scanner Hacking Suite Grenade Launcher Datajack Mining Laser Peak State ------------ > --- POWER ------------ Light Nuclear Core > --- PROPULSION ------- Spiked Treads Spiked Treads > --- UTILITY ---------- Small Storage Unit Targeting Computer > --- WEAPON ----------- Light Cannon Makeshift Spear > --- INVENTORY -------- Small Matter Pod Structural Scanner Hacking Suite Grenade Launcher Datajack Mining Laser [Rating: 14] Favorites ----------- Power Light Nuclear Core Engine Ion Engine Power Core Light Nuclear Core Propulsion Aluminum Leg Treads Spiked Treads Leg Aluminum Leg Utility Small Storage Unit Storage Small Storage Unit Processor Transport Network Coupler Weapon Light Assault Rifle Energy Gun Medium Laser Ballistic Gun Light Assault Rifle Ballistic Cannon Light Cannon Launcher Grenade Launcher Special Weapon Mining Laser Piercing Weapon Makeshift Spear Build | -11 -10 -10 -10 ------- Run | Yrd Mat Min Sub Slots Evolved . | . . . . Power . | . . . . Propulsion . | . . . . Utility . | . . . . Weapon . | . . . . Parts Attached 21 | 1 9 6 5 Power 3 | . 2 1 . Engine 2 | . 2 . . Core 1 | . . 1 . Reactor . | . . . . Propulsion 9 | . 4 3 2 Treads 2 | . . . 2 Leg 7 | . 4 3 . Wheel . | . . . . Hover . | . . . . Flight . | . . . . Utility 2 | . 1 . 1 Device . | . . . . Storage . | . . . . Processor 2 | . 1 . 1 Hackware . | . . . . Protection . | . . . . Artifact . | . . . . Weapon 7 | 1 2 2 2 Energy Gun 3 | 1 2 . . Energy Cannon . | . . . . Ballistic Gun . | . . . . Ballistic Cannon 1 | . . 1 . Launcher 1 | . . . 1 Special Weapon 1 | . . 1 . Impact Weapon . | . . . . Slashing Weapon . | . . . . Piercing Weapon 1 | . . . 1 Special Melee Weapon . | . . . . Unidentified Prototypes . | . . . . Parts Lost 2 | . . 2 . Power 1 | . . 1 . Propulsion 1 | . . 1 . Utility . | . . . . Weapon . | . . . . Highest Loss Streak 2 | . . 2 . To Critical Strikes . | . . . . Average Slot Usage (%) 92 | . 89 88 99 Engine 7 | . 13 2 . Core 6 | . . 10 14 Treads 3 | . . . 10 Leg 24 | . 27 26 17 Storage 14 | . 14 14 14 Processor 9 | . 5 14 13 Energy Gun 6 | . 13 . . Ballistic Gun 7 | . 14 4 . Ballistic Cannon 7 | . . 13 14 Launcher 2 | . . . 7 Piercing Weapon 1 | . . . 5 Peak Build Rating 14 | 7 8 10 14 Average Rating 8 | 6 6 8 11 On Entrance 7 | 6 7 8 10 Naked Turns . | . . . . Heaviest Build 16 | 11 13 14 16 Greatest Support 40 | 20 20 20 40 Greatest Overweight (x) 1 | . 1 . . Average Overweight (x) . | . . . . Largest Inventory Capacity 8 | 8 8 8 8 Average Capacity 8 | 8 8 8 8 Most Carried 8 | 8 8 8 8 Average Carried 7 | 7 7 7 6 Final Capacity 8 | 8 8 8 8 Final Carried 8 | 8 8 7 7 Class Distribution -------------------- 88% | Mutant 11% | Derelict-Mutant Dominant Class ---------------- Mutant | -10/Materials Mutant | -10/Mines Mutant | -10/Subcaves Resources | -11 -10 -10 -10 ----------- Run | Yrd Mat Min Sub Matter Collected 551 | 225 163 132 31 Remotely . | . . . . Salvage Created 716 | 175 377 153 11 Parts 52 | 11 30 8 3 Haulers Intercepted 2 | . 2 . . Recyclers Shooed 3 | 1 1 1 . Parts Field Recycled . | . . . . Retrieved Matter . | . . . . Parts Self-Destructed 13 | . . . 13 Prevented . | . . . . Kills | -11 -10 -10 -10 ------- Run | Yrd Mat Min Sub Combat Hostiles Destroyed 12 | . 6 4 2 Guns 7 | . 6 1 . Cannons 3 | . . 3 . AOE 2 | . . . 2 Classes Destroyed 8 | 2 5 . 1 Builder 1 | . 1 . . Tunneler 5 | 5 . . . Hauler 2 | . 2 . . Recycler 1 | 1 . . . Operator 1 | . 1 . . Watcher 1 | . 1 . . Grunt 10 | . 6 4 . Subdweller 2 | . . . 2 Best Kill Streak 4 | 3 3 4 2 Combat Bots Only 4 | . 2 4 2 Max Kills in Single Turn 1 | 1 1 1 1 Gunslinging . | . . . . Exploded 1 | . . . 1 Melee . | . . . . Uniques/NPCs Destroyed . | . . . . Combat | -11 -10 -10 -10 -------- Run | Yrd Mat Min Sub Hostile Shots Fired 96 | . 42 15 39 Missed 31 | . 11 5 15 Damage Taken 1058 | . 415 144 499 Core 257 | . 106 18 133 Absorbed by Shields . | . . . . Core Remaining (%) 100 | 100 . . . Volleys Fired 98 | 15 45 16 22 Largest 2 | 2 2 2 2 Hottest 100 | 70 70 100 65 Shots Fired 178 | 30 89 30 29 Gun 133 | 30 89 14 . Cannon 35 | . . 14 21 Launcher 8 | . . . 8 Special 2 | . . 2 . Kinetic 109 | 15 45 28 21 Thermal 60 | 14 44 2 . Explosive 8 | . . . 8 Electromagnetic 1 | 1 . . . Robot Hit Streak 11 | 10 8 10 11 Robot Miss Streak 4 | 4 4 2 1 Penetration Max . | . . . . Secondary Targets . | . . . . Shots Hit Robots 112 | 15 57 17 23 Core Hits 44 | 8 23 7 6 Critical Kills 1 | . 1 . . Critical Parts Destroyed . | . . . . Critical Strikes 2 | . 2 . . Burn 1 | . 1 . . Destroy 1 | . 1 . . Melee Attacks 12 | . . . 12 Impact . | . . . . Slashing . | . . . . Piercing 12 | . . . 12 Sneak Attacks . | . . . . Combat Hostiles . | . . . . Follow-up Attacks . | . . . . Damage Inflicted 1745 | 165 618 231 731 Guns 849 | 165 618 66 . Cannons 427 | . . 165 262 Explosions 413 | . . . 413 Melee 56 | . . . 56 Ramming . | . . . . Kinetic 737 | 42 202 231 262 Thermal 539 | 123 416 . . Explosive 413 | . . . 413 Electromagnetic . | . . . . Impact . | . . . . Slashing . | . . . . Piercing 56 | . . . 56 Highest Corruption . | . . . . Average Corruption . | . . . . Corruption Purged . | . . . . Corruption Blocked . | . . . . Overload Shots . | . . . . Overflow Damage . | . . . . Projectiles . | . . . . Explosions . | . . . . Melee . | . . . . Knockbacks 8 | . . 1 7 Impact . | . . . . Kinetic 8 | . . 1 7 Secondary . | . . . . Self-Inflicted Damage 39 | . . . 39 Shots 1 | . . . 1 Rammed . | . . . . Targets Rammed . | . . . . Kicked . | . . . . Crushed . | . . . . Highest Temperature 245 | 82 245 49 . Average Temperature 57 | 28 75 23 . Received Heat Transfer 453 | . 282 84 87 Siege Activations . | . . . . Robots Corrupted . | . . . . Combat Hostiles . | . . . . Parts Fried . | . . . . Impact Corruptions . | . . . . Robots Melted . | . . . . Combat Hostiles . | . . . . Parts Melted 1 | . 1 . . Heat Transferred 1665 | 370 1295 . . Parts Sabotaged . | . . . . Parts Stolen . | . . . . Parts Stripped . | . . . . Power Chain Reactions . | . . . . Alert | -11 -10 -10 -10 ------- Run | Yrd Mat Min Sub Peak Influence 206 | 30 206 119 . Initial 39 | . 19 39 . Average 88 | 16 95 102 . Maximum Alert Level 1 | . 1 . . Low Security (%) 98 | 100 96 100 . Level 1 1 | . 3 . . Level 2 . | . . . . Level 3 . | . . . . Level 4 . | . . . . Level 5 . | . . . . High Security . | . . . . Max Security . | . . . . Squads Dispatched 1 | . 1 . . Investigation . | . . . . Extermination . | . . . . Reinforcement 1 | . 1 . . Assault . | . . . . Garrison . | . . . . Intercept . | . . . . Searches Triggered . | . . . . Construction Impeded . | . . . . Haulers Reinforced . | . . . . Active Scanning Responses . | . . . . Cargo Convoy Interrupts . | . . . . Stealth | -11 -10 -10 -10 --------- Run | Yrd Mat Min Sub Distress Signals . | . . . . Communications Jammed . | . . . . Distress Signals . | . . . . Times Spotted 27 | . 15 4 8 Peak Tracking Total 3 | . 3 3 3 Tactical Retreats 4 | . 3 . 1 Traps | -11 -10 -10 -10 ------- Run | Yrd Mat Min Sub Traps Triggered 2 | . 2 . . Indirectly . | . . . . Trap Hack Attempts . | . . . . Triggered . | . . . . Disarmed . | . . . . Reprogrammed . | . . . . Reused . | . . . . Traps Extracted . | . . . . Installed . | . . . . Triggered . | . . . . Machines | -11 -10 -10 -10 ---------- Run | Yrd Mat Min Sub Machines Disabled . | . . . . Max in Single Turn . | . . . . Machines Repaired . | . . . . Machines Dismantled . | . . . . Machines Sabotaged . | . . . . Overloaded Fab Kills . | . . . . Hacking | -11 -10 -10 -10 --------- Run | Yrd Mat Min Sub Machines Accessed 3 | . 3 . . Terminals 3 | . 3 . . Fabricators . | . . . . Repair Stations . | . . . . Recycling Units . | . . . . Scanalyzers . | . . . . Garrison Access . | . . . . Total Hacks 5 | . 5 . . Successful 2 | . 2 . . Failed 3 | . 3 . . Catastrophic 1 | . 1 . . Database Lockouts . | . . . . Manual . | . . . . Terminals 5 | . 5 . . Fabricators . | . . . . Repair Stations . | . . . . Recycling Units . | . . . . Scanalyzers . | . . . . Garrison Access . | . . . . Terminal Hacks 2 | . 2 . . Alert Level 1 | . 1 . . Hauler Manifests 1 | . 1 . . Fabricator Hacks . | . . . . Repair Station Hacks . | . . . . Recycling Unit Hacks . | . . . . Scanalyzer . | . . . . Garrison Access Hacks . | . . . . Unauthorized Hacks . | . . . . Terminals . | . . . . Fabricators . | . . . . Repair Stations . | . . . . Recycling Units . | . . . . Scanalyzers . | . . . . Garrison Access . | . . . . Data Cores Recovered . | . . . . Used . | . . . . Hacking Detections 3 | . 3 . . Full Trace Events . | . . . . Feedback Events . | . . . . Feedback Blocked . | . . . . Robot Schematics Acquired . | . . . . Robots Built . | . . . . Authchips . | . . . . Time . | . . . . Total Robot Build Rating . | . . . . Part Schematics Acquired . | . . . . Parts Built . | . . . . Authchips . | . . . . Time . | . . . . Total Part Build Rating . | . . . . Parts Repaired . | . . . . Time . | . . . . Parts Recycled . | . . . . Recycled Matter . | . . . . Retrieved Matter . | . . . . Retrieved Components . | . . . . Parts Scanalyzed . | . . . . Part Schematics Acquired . | . . . . Parts Damaged . | . . . . Bothacking | -11 -10 -10 -10 ------------ Run | Yrd Mat Min Sub Used RIF Installer . | . . . . Robots Hacked . | . . . . Non-combat . | . . . . Combat . | . . . . Robot Hacks Applied . | . . . . Relay Couplers Released . | . . . . Fabnet Peak Effective % . | . . . . Robots Rewired . | . . . . Allies Hacked . | . . . . Hacks Repelled . | . . . . Allies | -11 -10 -10 -10 -------- Run | Yrd Mat Min Sub Total Allies 1 | . . 1 . Largest Group 1 | . . 1 1 Highest-Rated Group 31 | . . 31 31 Highest-Rated Ally 31 | . . 31 31 Total Orders . | . . . . Ally Attacks 2 | . . . 2 Total Damage 43 | . . . 43 Kills 1 | . . . 1 Allies Corrupted . | . . . . Allies Melted . | . . . . Intel | -11 -10 -10 -10 ------- Run | Yrd Mat Min Sub Robot Analysis Total . | . . . . Derelict Logs Recovered . | . . . . Drone Launches . | . . . . Drone Recoveries . | . . . . Exploration | -11 -10 -10 -10 ------------- Run | Yrd Mat Min Sub Turns Passed 1597 | 131 701 322 443 Spaces Moved 906 | 50 400 194 262 Core . | . . . . Treads 72 | . . . 72 Legs 834 | 50 400 194 190 Wheels . | . . . . Hover . | . . . . Flight . | . . . . Fastest Speed 120 | 120 120 120 120 Average Speed 124 | 120 122 120 130 Slowest Speed 190 | 120 190 120 160 Overloaded Moves . | . . . . Propulsion Burnouts . | . . . . Robots Hopped . | . . . . Cave-ins Triggered . | . . . . Exploration Rate (%) 27 | 3 45 40 20 Regions Visited 3 Branch Regions 2 Pre-discovered Areas . | . . . . Known Exits Taken . | . . . . Unknown Exits Taken 3 | 1 1 1 . Scrap Searched 2 | . . 2 . Spaces Dug 1 | . . . 1 Terrain Destroyed 49 | . . . 49 Melee 1 | . . . 1 Projectile . | . . . . AOE 48 | . . . 48 Terrain Rammed . | . . . . Walls Destroyed . | . . . . Machines Disabled . | . . . . Actions | -11 -10 -10 -10 --------- Run | Yrd Mat Min Sub Total 1199 | 93 529 254 323 Wait 130 | 26 63 29 12 Move 903 | 49 399 193 262 Hop . | . . . . Pick Up 17 | 2 7 3 5 Fast Attach 8 | . 5 3 . Attach 6 | . 2 1 3 Detach . | . . . . Swap 7 | 1 2 2 2 Drop 18 | . 6 7 5 Fire 98 | 15 45 16 22 Melee 12 | . . . 12 Ram . | . . . . Kick . | . . . . Crush . | . . . . Escape Stasis . | . . . . Rewire . | . . . . Trap . | . . . . Miscellaneous . | . . . . Route ------- -11/Scrapyard -10/Materials -10/Mines (discovered 2 exits: [*Mat] / [*Sub]) -10/Subcaves History --------- Turn | Location | Event 1 | -11/Scrapyard | Discovered new exit (range 2) 132 | -11/Scrapyard | Entered Materials 304 | -10/Materials | Build established: Mutant 378 | -10/Materials | Discovered new exit (range 9) 833 | -10/Materials | Entered Mines 946 | -10/Mines | A weapon hastily lodged in a ceiling crevice suddenly fell to the ground 967 | -10/Mines | Received a Mining Laser from a helpful Derelict 993 | -10/Mines | Discovered new exit (range 8) 1111 | -10/Mines | Assembled infested the area 1144 | -10/Mines | Discovered new exit (range 3) 1155 | -10/Mines | Entered Subcaves 1155 | -10/Subcaves | Accompanied by 1 ally 1248 | -10/Subcaves | Shifting Twisted Machinery released Spk. Treads 1251 | -10/Subcaves | Shifting Twisted Machinery released Flamer 1322 | -10/Subcaves | Core integrity fell below 50% 1329 | -10/Subcaves | Ambushed by Subdweller buried in earth 1329 | -10/Subcaves | Ambushed by Subdweller buried in earth 1376 | -10/Subcaves | Shifting Twisted Machinery released Battle Rifle 1388 | -10/Subcaves | Shifting Twisted Machinery released Spk. Treads 1568 | -10/Subcaves | Core integrity fell below 20% 1598 | -10/Subcaves | Destroyed by E1-LX2(R) with Subdweller Laser Last Messages --------------- Battle Rifle falls loose from the Twisted Machinery. 01380_ The unstable cave ceiling collapses. Spk. Treads falls loose from the Twisted Machinery. 01434_ Dropped Aluminum Leg. 01437_ Acquired Spk. Treads. 01443_ Acquired Aluminum Leg. 01445_ Dropped Aluminum Leg. 01446_ Acquired Aluminum Leg. 01468_ Subatomizers dissect the Aluminum Leg. 01577_ Aluminum Leg fries itself beyond repair. 01578_ G-34 Mercenary destroyed. 01581_ 7Z-SHU(R) knocked back. 01585_ Ion Engine fries itself beyond repair. 01586_ Aluminum Leg fries itself beyond repair. 01587_ 7Z-SHU(R) knocked back. 01589_ E1-LX2(R) knocked back. 01591_ Sml. Laser fries itself beyond repair. 01591_ 7Z-SHU(R) knocked back. Map ----- +----------------------------------------------------+ | | | ???????????????????????????????????????????????? | | ???????????????????????????????????????????????? | | ???????????????????????????????????????????????? | | ???????????????????????????????????????????????? | | ???????????????????????????????????????????????? | | ???????????????????????????????????????????????? | | ???????????????????????????????????????????????? | | ???????????????????????????????????????????????? | | ???????????????????????????????????????????????? | | ???????????????????????????????????????????????? | | ???????????????????????????????????????????????? | | ???????????????????????????????????????????????? | | ???????????????????????????????????????????????? | | ???????????????????????????????????????????????? | | ??#????????????????????????????????????????????? | | ### ???????????????????????????????????????????? | | ??????????????????????????????????????????? | | ####?????????????????????????????????????? | | ####??????????????????????????????????? | | # ##########?????######??????????????? | | ## ## ## #######%R #??????????????? | | ?### #### # # % #??????????????? | | ???#### % ##?????????????? | | ???### ## % #?????????????? | | ???# # ######### R @# #?????????????? | | ???# #???????# %#### ###?????????????? | | ???# #???????#% #?# #???????????????? | | ??## #### ?#" #?## "#???????????????? | | ??# ##??## ##""""#??#" ##???????????????? | | ??# #????? # #""""#??# #???????????????? | | ### #????? ##? ## """?" #???????????????? | | ### #????? #??? ####" """" ???????????????? | | ## ##???? #????? ??##" "" #??????????????? | | " #???? ??????? ??? #" #??????????????? | | #### ##?????????? ? "" ##??????????????? | | ???####### #???????? "" #???????????????? | | ?????????????##???????? ?### ???????????????? | | ?????????????????????????????" ???????????????? | | ?????????????????????????????"" ???????????????? | | ????????????????????????????? " #??????????????? | | ?????????????????????????????? #??????????????? | | ??????????????????????????????? ??????????????? | | ????????????????????????????????#??????????????? | | ???????????????????????????????????????????????? | | ???????????????????????????????????????????????? | | ???????????????????????????????????????????????? | | ???????????????????????????????????????????????? | | ???????????????????????????????????????????????? | | ???????????????????????????????????????????????? | +----------------------------------------------------+ Best States ------------- Heat Dissipation 25 Energy Generation 14 Energy Capacity 250 Matter Stores 300 Matter Capacity 300 Sight Range 16 Terrain Scan Density 10 Evasion (%) 55 Targeting Accuracy 5 Recoil Reduction 2 Item Schematics ----------------- None Robot Schematics ------------------ None Fabricated ------------ Nothing Alien Tech Used ----------------- None Achievements -------------- None Challenges ------------ None Game ------ Seed DisassembledBombInterpreter Manual? 0 Play Time 00:13:11 Cumulative 64.1 hours Start 2024.08.24 @ 17:39:40 End 2024.08.24 @ 17:49:51 Sessions 1 Manual Loads 0 Difficulty Rogue Special Mode None Game No. 107 Rogue 103 Adventurer 4 Explorer 0 Win Type - Total 0 Types 0/0/0/0/0/0/0/0/0 Lore% 29 Gallery% 42 Achievement% 34 Wizard Run 0 Options --------- Layout 2 ASCII 0 Keyboard 0 Movement Mouse Keybinds 0 Fullscreen 2 Font 24/Smallcaps Map View 50x44 Zoom Use 0% Tactical HUD 1 Map Filters NONE Filters NONE Steam 1 RUN: 913e30fa-1978-4d89-a317-4cbbee77be4c